 Dungeon Crawl Stone Soup version 0.30.0-19-gbf45117a57 (webtiles) character file.

Game seed: 11592134361110391166

1255 qw the Chopper (level 8, -2/51 HPs)
             Began as a Gargoyle Fighter on May 23, 2023.
             Slain by a wight
             ... wielding a +5 halberd
              (4 damage)
             ... on level 6 of the Dungeon.
             The game lasted 00:02:18 (3961 turns).

qw the Chopper (Gargoyle Fighter)                   Turns: 3961, Time: 00:02:19

Health: -2/51      AC: 16    Str: 21    XL:     8   Next: 51%
Magic:  8/8        EV:  8    Int: 10    God:
Gold:   205        SH:  4    Dex:  9    Spells: 7/7 levels left

rFire   . . .        Y - +2 war axe
rCold   . . .        c - +0 buckler
rNeg    + + .        m - +0 chain mail
rPois   inf          a - +1 helmet
rElec   +            (no cloak)
rCorr   .            (no gloves)
SInv    .            (no boots)
Will    .....        (no amulet) Stlth
                     b - ring of positive energy
HPRegen 0.28/turn    (no ring)
MPRegen 0.11/turn

%: no passive effects
@: no status effects
A: sickness immunity, AC +5, negative energy resistance 1, electricity
resistance, torment resistance 1, petrification resistance
a: no special abilities


You were on level 6 of the Dungeon.
You visited 1 branch of the dungeon, and saw 6 of its levels.

You collected 205 gold pieces.


Innate Abilities, Weirdness & Mutations

You are immune to sickness and miasma.
Your stone body is resilient. (AC +5)
You are immune to poison.
You resist negative energy. (rN+)
You are resistant to electric shocks. (rElec)
You are resistant to unholy torment.
You are immune to petrification.


   Skills:
 - Level 6.0 Fighting
 + Level 7.4 Axes
 - Level 2.1 Throwing
 - Level 3.2 Armour
 - Level 2.1 Dodging
 - Level 3.2 Shields


You had 7 spell levels left.
You didn't know any spells.
Your spell library was empty.

Inventory:

Hand Weapons
 o - a +0 flail
 Y - a +2 war axe (weapon)
Missiles
 e - 2 boomerangs
 q - 5 silver javelins (quivered)
Armour
 a - a +1 helmet (worn)
 c - a +0 buckler (worn)
 i - the -2 hat of Zuckohurigh {rCorr MP+9}
   (You acquired it on level 4 of the Dungeon)

   MP:        It affects your magic capacity (+9).
   rCorr:     It protects you from acid and corrosion.
 m - a +0 chain mail (worn)
Jewellery
 b - a ring of positive energy (left hand)
Scrolls
 h - a scroll of identify
Potions
 d - a potion of might
 f - 2 potions of mutation
 g - a potion of haste
 k - a potion of curing
 l - a potion of attraction
 s - a potion of lignification

Dungeon Overview and Level Annotations

Branches:
Dungeon (6/15)
 Temple: D:4-7

Altars:
Elyvilon
Trog


Message History

You hit the wight.
The wight is moderately damaged.
The wight hits you with a +5 halberd.
You hit the wight but do no damage.
The wight is moderately damaged.
The wight hits you with a +5 halberd!
You closely miss the wight.
The wight is moderately damaged.
You block the wight's attack.
You barely miss the wight.
The wight is moderately damaged.
The wight hits you with a +5 halberd.
You slash the wight!
The wight is severely damaged.
The wight hits you with a +5 halberd.
You closely miss the wight.
The wight is severely damaged.
The wight hits you with a +5 halberd.
You hit the wight.
The wight is almost destroyed.
You block the wight's attack. The wight hits you with a +5 halberd.
You closely miss the wight.
The wight is almost destroyed.
The wight hits you with a +5 halberd.
You hit the wight but do no damage.
The wight is almost destroyed.
The wight hits you with a +5 halberd!
You closely miss the wight.
The wight is almost destroyed.
You block the wight's attack.
You closely miss the wight.
The wight is almost destroyed.
The wight hits you with a +5 halberd.
You barely miss the wight.
The wight is almost destroyed.
The wight barely misses you.
You hit the wight but do no damage.
The wight is almost destroyed.
The wight hits you with a +5 halberd! The wight hits you with a +5 halberd.
You die...

## # .####..
.#... ...#
#####z.#####
#...@.....$#
#..<.......#
#..........#
#..........#
#...........
#...........
#..........#
#..........#
#..........


You could see a wight.

Vanquished Creatures
  Prince Ribbit (D:5)
  Eustachio (D:5)
  A sky beast (D:4)
  A phantom (D:5)
  2 scorpions
  A hound (D:4)
  2 orc priests
  A jelly (D:5)
  A gnoll bouda (D:5)
  2 iguanas
  8 orc wizards
  Robin (D:1)
  5 gnolls
  6 adders
  A shadow imp (D:5)
  A worm (D:4)
  3 dart slugs
  19 orcs
  9 bats
  8 endoplasms
  3 giant cockroaches
  15 goblins
  3 hobgoblins
  10 jackals
  A quokka (D:5)
  2 ball pythons (D:1)
  A frilled lizard (D:3)
  13 kobolds
  7 rats
129 creatures vanquished.

Notes
Turn   | Place    | Note
-------+----------+-------------------------------------------
     0 | D:1      | qw the Gargoyle Fighter began the quest for the Orb.
     0 | D:1      | Reached XP level 1. HP: 14/14 MP: 1/1
     0 | D:1      | 0 ||| qw: Version: 0.2-a-98-g5d7165a
     0 | D:1      | 0 ||| qw: Game counter: 40
     0 | D:1      | 0 ||| qw: Always use a shield: true
     0 | D:1      | 0 ||| qw: God list: Okawaru
     0 | D:1      | 0 ||| qw: Allow faded altars: false
     0 | D:1      | 0 ||| qw: Do Orc after D:15 true
     0 | D:1      | 0 ||| qw: Do second Lair branch before Depths: true
     0 | D:1      | 0 ||| qw: Lair rune preference: random
     0 | D:1      | 0 ||| qw: Plans: Normal, Zot:1-4, God:TSO, Crypt, Tomb,
                  | Pan, Slime:5, Hells, Abyss, Win
     0 | D:1      | 0 ||| PLANNING D:1-11
    21 | D:1      | 21 ||| Stepping ~*~*~tactically~*~*~ (hiding).
    22 | D:1      | 22 ||| Stepping ~*~*~tactically~*~*~ (hiding).
    23 | D:1      | 23 ||| Stepping ~*~*~tactically~*~*~ (hiding).
    24 | D:1      | 24 ||| Stepping ~*~*~tactically~*~*~ (hiding).
    25 | D:1      | 25 ||| Stepping ~*~*~tactically~*~*~ (hiding).
    53 | D:1      | 53 ||| Stepping ~*~*~tactically~*~*~ (stealth).
    58 | D:1      | 58 ||| Stepping ~*~*~tactically~*~*~ (stealth).
    67 | D:1      | Reached skill level 2 in Axes
    75 | D:1      | Reached XP level 2. HP: 12/19 MP: 2/2
   134 | D:1      | 134 ||| Stepping ~*~*~tactically~*~*~ (hiding).
   138 | D:1      | 138 ||| Stepping ~*~*~tactically~*~*~ (hiding).
   140 | D:1      | 140 ||| Stepping ~*~*~tactically~*~*~ (hiding).
   192 | D:1      | 192 ||| DROPPING +0 club.
   351 | D:1      | Reached skill level 3 in Axes
   432 | D:1      | Reached XP level 3. HP: 22/23 MP: 3/3
   507 | D:1      | 507 ||| DROPPING +0 whip.
   609 | D:1      | 609 ||| UPGRADING to +0 chain mail.
   619 | D:1      | 619 ||| DROPPING +0 scale mail.
   620 | D:1      | 620 ||| READING scroll labelled PEPHANK KIOLL.
   621 | D:1      | 621 ||| READING 3 scrolls labelled AZOSEO YRIECKY.
   622 | D:1      | 622 ||| READING scroll labelled SOLUMA KOINA.
   623 | D:1      | 623 ||| READING scroll labelled PASTU RULU.
   624 | D:1      | 624 ||| READING scroll labelled AQOXZE LIUJ.
   625 | D:1      | 625 ||| READING 2 scrolls of identify.
   625 | D:1      | 625 ||| IDENTIFYING fuming green potion
   664 | D:2      | Noticed Robin
   668 | D:2      | 668 ||| STAIRDANCE
   692 | D:2      | 692 ||| STAIRDANCE
   698 | D:1      | Killed Robin
   699 | D:1      | Reached XP level 4. HP: 25/28 MP: 4/4
   713 | D:1      | 713 ||| UPGRADING to +0 helmet.
   723 | D:2      | Reached skill level 4 in Axes
   795 | D:2      | 795 ||| Stepping ~*~*~tactically~*~*~ (hiding).
   901 | D:2      | 901 ||| Stepping ~*~*~tactically~*~*~ (stealth).
   939 | D:2      | 939 ||| DROPPING +1 mace of venom.
  1230 | D:2      | 1230 ||| Stepping ~*~*~tactically~*~*~ (stealth).
  1232 | D:2      | 1232 ||| Stepping ~*~*~tactically~*~*~ (hiding).
  1296 | D:2      | 1296 ||| DRINKING 2 cyan potions.
  1297 | D:2      | 1297 ||| DRINKING 2 sedimented cyan potions.
  1393 | D:3      | 1393 ||| Stepping ~*~*~tactically~*~*~ (hiding).
  1543 | D:3      | Reached XP level 5. HP: 32/32 MP: 5/5
  1589 | D:3      | 1589 ||| READING scroll of enchant armour.
  1589 | D:3      | 1589 ||| ENCHANTING +0 helmet.
  1669 | D:3      | Found a faded altar of an unknown god.
  1690 | D:3      | Found a bloodstained altar of Trog.
  1849 | D:3      | Reached skill level 5 in Axes
  1858 | D:3      | 1858 ||| DRINKING potion of curing.
  1858 | D:3      | 1858 ||| (to cure confusion)
  1886 | D:3      | 1886 ||| READING scroll of enchant weapon.
  1886 | D:3      | 1886 ||| ENCHANTING +1 war axe.
  2018 | D:3      | Reached XP level 6. HP: 36/38 MP: 6/6
  2255 | D:3      | 2255 ||| READING 2 scrolls labelled ZEXZYCV GU LIN.
  2256 | D:3      | 2256 ||| READING 2 scrolls labelled MYARODGH XIAT.
  2257 | D:3      | 2257 ||| DRINKING 2 fuming ruby potions.
  2258 | D:3      | 2258 ||| READING 2 scrolls of identify.
  2258 | D:3      | 2258 ||| IDENTIFYING glowing coppery potion
  2259 | D:3      | 2259 ||| DROPPING scroll of amnesia.
  2260 | D:3      | 2260 ||| DROPPING potion of brilliance.
  2261 | D:3      | 2261 ||| DROPPING scroll of noise.
  2343 | D:4      | Reached skill level 6 in Axes
  2364 | D:4      | HP: 9/38 [something (4)]
  2367 | D:4      | 2367 ||| DRINKING potion of heal wounds.
  2438 | D:4      | 2438 ||| UPGRADING to ring of positive energy.
  2439 | D:4      | 2439 ||| READING scroll labelled RAMESE DEAMP.
  2439 | D:4      | Identified a scroll of acquirement
  2439 | D:4      | 2439 ||| ACQUIRING -2 hat of Zuckohurigh {rCorr MP+9}
  2439 | D:4      | Acquired the -2 hat of Zuckohurigh {rCorr MP+9}
  2448 | D:4      | 2448 ||| STAIRDANCE
  2475 | D:4      | Noticed a sky beast
  2494 | D:4      | Killed a sky beast
  2495 | D:4      | Reached XP level 7. HP: 28/43 MP: 7/7
  2733 | D:4      | 2733 ||| STAIRDANCE
  3100 | D:4      | 3100 ||| READING 2 scrolls of identify.
  3100 | D:4      | 3100 ||| IDENTIFYING red potion
  3101 | D:4      | 3101 ||| DROPPING potion of berserk rage.
  3111 | D:5      | Entered Level 5 of the Dungeon
  3114 | D:5      | Noticed Eustachio
  3127 | D:5      | Killed Eustachio
  3171 | D:5      | 3171 ||| Stepping ~*~*~tactically~*~*~ (hiding).
  3173 | D:5      | 3173 ||| Stepping ~*~*~tactically~*~*~ (hiding).
  3193 | D:5      | Reached skill level 7 in Axes
  3284 | D:5      | 3284 ||| Stepping ~*~*~tactically~*~*~ (stealth).
  3379 | D:5      | 3379 ||| DRINKING 3 potions of curing.
  3379 | D:5      | 3379 ||| (to cure confusion)
  3406 | D:5      | Noticed Prince Ribbit
  3432 | D:5      | Killed Prince Ribbit
  3433 | D:5      | Reached skill level 6 in Fighting
  3433 | D:5      | Reached XP level 8. HP: 49/51 MP: 8/8
  3447 | D:5      | Found a white marble altar of Elyvilon.
  3497 | D:5      | Reached skill level 1 in Throwing
  3520 | D:5      | 3520 ||| DRINKING 2 potions of curing.
  3520 | D:5      | 3520 ||| (to cure confusion)
  3906 | D:5      | 3906 ||| READING 2 scrolls labelled KIKHLI MYEKENN.
  3907 | D:5      | 3907 ||| READING scroll labelled ATANGO JAOKY.
  3908 | D:5      | 3908 ||| READING scroll labelled CISOSHR NIOT.
  3909 | D:5      | 3909 ||| DRINKING 2 amethyst potions.
  3932 | D:5      | 3932 ||| READING 3 scrolls of identify.
  3932 | D:5      | 3932 ||| IDENTIFYING sapphire potion
  3933 | D:5      | 3933 ||| READING 2 scrolls of identify.
  3933 | D:5      | 3933 ||| IDENTIFYING brown potion
  3934 | D:5      | 3934 ||| DROPPING scroll of blinking.
  3935 | D:5      | 3935 ||| DROPPING potion of degeneration.
  3944 | D:6      | 3944 ||| Stepping ~*~*~tactically~*~*~ (hiding).
  3945 | D:6      | 3945 ||| Stepping ~*~*~tactically~*~*~ (hiding).
  3959 | D:6      | HP: 12/51 [wight/+5 halberd (3)]
  3961 | D:6      | HP: 2/51 [wight/+5 halberd (11)]
  3961 | D:6      | Slain by a wight

Levels and vault maps discovered:
D:1:      nicolae_arrival_washed_ashore, layout_rooms
D:2:      layout_rooms, grunt_decor_fettered, minmay_tetromino_t4, uniq_robin
D:3:      layout_basic, nicolae_overflow_ecumenical_swirl
D:4:      layout_basic
D:5:      layout_cave_pools, elyvilon_altar_3, uniq_eustachio,
          uniq_prince_ribbit1
D:6:      layout_rooms, lemuel_tele_altar, minmay_temple_entry_large_hall,
          serial_curves, eino_curves_01, eino_curves_04

Skill      XL: |  1  2  3  4  5  6  7  8 |
---------------+-------------------------+-----
Axes           | 2 3 4 5 6 7 |  7.4
Fighting       | 4 6 |  6.0
Dodging        | 2 |  2.1
Throwing       | 2 |  2.1
Armour         | |  3.2
Shields        | |  3.2

Action                     |  1- 3 |  4- 6 |  7- 9 || total
---------------------------+-------+-------+-------++-------
  Melee: War axe           |   102 |   170 |   137 ||   409
  Throw: Boomerang         |       |    42 |    21 ||    63
         Javelin           |       |       |    14 ||    14
    Use: Scroll            |     6 |     6 |     6 ||    18
         Potion            |       |     5 |     3 ||     8
 Armour: Scale mail        |    50 |       |       ||    50
         Chain mail        |    37 |   138 |    78 ||   253
  Dodge: Dodged            |    57 |    43 |    45 ||   145
  Block: Buckler           |    26 |    27 |    32 ||    85

Table legend:
 A = Non-vault XP
 B = Vault XP
 C = Vault XP percentage of total XP
 D = Non-vault monster count
 E = Vault monster count
 F = Vault count percentage of total count
                 A         B        C        D         E       F
            +---------+---------+-------+---------+---------+-------
      Total |    1278 |     516 |  28.8 |     113 |      16 |  12.4
            +---------+---------+-------+---------+---------+-------
        D:1 |      58 |      25 |  30.1 |      25 |       6 |  19.4
        D:2 |      47 |      25 |  34.7 |      20 |       8 |  28.6
        D:3 |     185 |       0 |   0.0 |      28 |       0 |   0.0
        D:4 |     405 |       0 |   0.0 |      15 |       0 |   0.0
        D:5 |     583 |     466 |  44.4 |      25 |       2 |   7.4
            +---------+---------+-------+---------+---------+-------
